 Dungeon Crawl Stone Soup version 0.24.0-2-g5b39cebb1c (webtiles) character file.

Game seed: 11146965515978768171, levelgen mode: deterministic

38 Katsumi the Changer (level 3, -6/17 HPs)
             Began as a Felid Transmuter on Oct 29, 2019.
             Mangled by an orc
             ... wielding a +0 hand axe
              (7 damage)
             ... on level 3 of the Dungeon.
             The game lasted 00:02:45 (2528 turns).

Katsumi the Changer (Felid Transmuter)              Turns: 2528, Time: 00:02:46

Health: -6/17      AC:  1    Str:  6    XL:     3   Next: 25%
Magic:  7/7        EV: 18    Int: 15    God:
Gold:   109        SH:  0    Dex: 19    Spells: 3/6 levels left
                                        Lives:  0   Deaths: 1

rFire    . . .     SeeInvis +     - Unarmed
rCold    . . .     Gourm    .   (shield unavailable)
rNeg     . . .     Faith    .   (armour unavailable)
rPois    .         Spirit   .   (helmet unavailable)
rElec    .         Reflect  .   (cloak unavailable)
rCorr    .         Harm     .   (gloves unavailable)
MR       .....                  (boots unavailable)
Stlth    ++........             (no amulet)
HPRegen  0.05/turn              g - +3 ring of dexterity
MPRegen  0.10/turn              p - ring of flight

@: quick
A: very small, no armour, no weapons or thrown items, stealth, claws 1, fangs 3,
see invisible, carnivore, speed 1, shaggy fur 1, slow metabolism 1, sharp paws
a: Evoke Flight


You were on level 3 of the Dungeon.
You were not hungry.

You visited 1 branch of the dungeon, and saw 3 of its levels.

You collected 109 gold pieces.

Inventory:

Missiles
 a - 7 arrows
Jewellery
 b - an uncursed ring of fire
 g - a +3 ring of dexterity (left paw)
 p - a ring of flight (right paw)
Scrolls
 h - a scroll of enchant armour {unknown}
 j - 2 scrolls of amnesia {unknown}
 m - 3 scrolls of identify
 n - 2 scrolls of teleportation {unknown}
 q - a scroll of magic mapping {unknown}
Potions
 d - a potion of flight
 e - a potion of haste {unknown}
 f - 2 potions of cancellation {unknown}
 i - a potion of curing {unknown}
 k - a potion of ambrosia {unknown}
 l - a potion of invisibility {unknown}
 o - 2 potions of brilliance {unknown}
Comestibles
 c - 10 rations


   Skills:
 - Level 3.0 Fighting
 - Level 2.6 Dodging
 - Level 3.0 Unarmed Combat
 - Level 2.0 Spellcasting
 + Level 3.8 Transmutations


You had 3 spell levels left.
You knew the following spells:

 Your Spells              Type           Power        Failure   Level  Hunger
a - Beastly Appendage     Tmut           ##....       4%          1    #......
b - Sticks to Snakes      Tmut           ##......     7%          2    ###....

Your spell library contained the following spells:

 Spells                   Type           Power        Failure   Level  Hunger
 Spider Form              Tmut/Pois      #.........   30%         3    ###....
 Ice Form                 Ice/Tmut       #.......     69%         4    #####..
 Blade Hands              Tmut           ##........   77%         5    ######.


Dungeon Overview and Level Annotations

Branches:
Dungeon (3/15)

Altars:
Ashenzari
Zin


Innate Abilities, Weirdness & Mutations

You cannot wear armour.
You are incapable of wielding weapons or throwing items.
Your paws allow you to move quietly. (Stealth)
You have sharp claws.
You have razor-sharp teeth.
You have supernaturally acute eyesight. (SInv)
You are carnivorous and can eat meat at any time.
You cover ground quickly.
You are covered in fur. (AC +1)
You have a slow metabolism.
Your sharp claws are effective at attacking unaware monsters.


Message History

The giant cockroach completely misses you.
The orc completely misses you. The orc misses you.
The giant cockroach misses you. The orc completely misses you.
The giant cockroach closely misses you. The orc misses you. x2
The orc misses you. The giant cockroach misses you. The orc barely misses you.
The orc completely misses you.
The giant cockroach completely misses you.
The orc hits you but does no damage. The orc hits you with a +0 hand axe.
* * * LOW HITPOINT WARNING * * *
The orc hits you with a +0 hand axe.
* * * LOW HITPOINT WARNING * * *
The giant cockroach closely misses you. The orc misses you.
The orc closely misses you. The giant cockroach bites you.
* * * LOW HITPOINT WARNING * * *
The orc barely misses you.
The giant cockroach completely misses you.
The orc misses you. x2; The orc barely misses you.
The giant cockroach closely misses you. The orc closely misses you.
The orc misses you. The orc hits you with a +0 hand axe!
You die...

######## #......# ########
#.####.### #......# #.##.....#
#.####.# #.##.#...# #.#....#
#.##.#...###.#....#########
##.#........................
#.............oo....#######.
#.##..........@s....#
#.#.......#####o..###
#.#.......# #...# #.#.......#
###'## #.#.....### ##...##
#.......# ##.....## #####.#.##
##.......##
#######....####)........####...
..............'........†ooos...


You could see 3 orcs and a giant cockroach.

Vanquished Creatures
  An orc wizard (D:3)
  An adder (D:2)
  A worm (D:3)
  2 dart slugs (D:1)
  3 leopard geckos
  An orc (D:3)
  3 giant cockroaches
  5 goblins
  6 hobgoblins
  2 kobolds
  3 bats
  4 frilled lizards
  6 rats
38 creatures vanquished.

Vanquished Creatures (collateral kills)
  An adder (D:2)
  A quokka (D:2)
2 creatures vanquished.

Grand Total: 40 creatures vanquished

Notes
Turn   | Place    | Note
-------+----------+-------------------------------------------
     0 | D:1      | Katsumi the Felid Transmuter began the quest for the Orb.
     0 | D:1      | Reached XP level 1. HP: 9/9 MP: 4/4
    90 | D:1      | Found a shattered altar of Ashenzari.
   178 | D:1      | Reached XP level 2. HP: 12/13 MP: 4/6
   185 | D:1      | Learned a level 2 spell: Sticks to Snakes
   910 | D:2      | Reached XP level 3. HP: 16/17 MP: 1/7
  1092 | D:2      | Found a shattered altar of Ashenzari.
  1093 | D:2      | Found a glowing silver altar of Zin.
  2497 | D:3      | Reached XP level 4. HP: 6/21 MP: 0/8
  2498 | D:3      | Slain by an orc
  2499 | D:3      | Reached XP level 3. HP: -1/17 MP: 1/7
  2528 | D:3      | Mangled by an orc

Levels and vault maps discovered:
D:1:      dpeg_arrival_rooms_a, layout_loops_ring, ashenzari_altar_1
D:2:      layout_loops_cross, gammafunk_temple_overflow_pools
D:3:      layout_loops_corners

Skill      XL: |  1  2  3 |
---------------+----------+-----
Fighting       | 2 3 |  3.0
Transmutations | 3 |  3.8
Dodging        | |  2.6
Unarmed Combat | |  3.0
Spellcasting   | |  2.0

Action                   |  1- 3 |  4- 6 || total
-------------------------+-------+-------++-------
Melee: Unarmed           |    97 |     1 ||    98
       Headbutt          |    17 |     1 ||    18
       Bite              |    10 |       ||    10
       Punch             |     3 |       ||     3
 Cast: Beastly Appendage |    35 |       ||    35
       Sticks to Snakes  |     5 |       ||     5
  Use: Scroll            |     3 |       ||     3
 Stab: Sleeping          |     4 |       ||     4
  Eat: Chunk             |    11 |       ||    11
Armor: Skin              |     6 |       ||     6
Dodge: Dodged            |   111 |       ||   111
